cohdb
Replays
Latest Replays
All Replays
Popular Replays
Top Player Replays
Match Explorer
How It Works
Community
CoH3 Stats
Reddit
Sign in to upload your games and track your stats! →
Sign in with Steam
Match 39718996
Unlisted
Match 39718996
Overview
Messages
Build Orders
End
Selects Italian Coastal Battlegroup
Selects Coastal Reserves
Coastal Reserve
Construct Infanterie Kompanie
Sniper
Coastal Reserve
Construct Panzergrenadier Kompanie
251 Medium Carrier
Medical Bunker
Panzergrenadier Officer Quarters
251 Medium Carrier
Pioneer Squad
Selects Support Bunkers
Construct Panzer Kompanie
Panzergrenadier Squad
Selects Designated Artillery Overwatch
Selects Call the Reserves!
Medical Bunker
Panzer IV Medium Tank
Panzer Officer Quarters
Repair Bunker
Selects Bulwark
Selects Artillery Officer
Pioneer Squad
Designated Artillery Overwatch
Panzer IV Medium Tank
Selects Obice da 210/22 Artillery Emplacement
Designated Artillery Overwatch
Panzer IV Medium Tank
Panzer IV Medium Tank
Designated Artillery Overwatch
Panzer IV Medium Tank
Panzer IV Medium Tank
Side Skirts
NANAMI
(KCC)MGfirst
ENDEX
아무고토못하쥬
Broly19HS
LW | MUERTE
Miudai
抖音呆呆河马-英3小程序
0
0
Comments
sign in to comment!
No comments posted yet!